PBL
OAKLAND OAKS @ AMERICUS BRAVES
06/11/2049
 
TOP OF THE 1ST
Oakland Oaks batting - Pitching for Americus Braves : LHP Byron Selhorst
Pitching: LHP Byron Selhorst
Batting: LHB Bill Helmer 0-0: Ball
1-0: Bunted foul
1-1: Ground out 4-3 (Groundball, 4M, EV 84.4 MPH)
Batting: RHB Robby Britton 0-0: Foul Ball, location: 2F
0-1: Foul Ball, location: 2F
0-2: Foul Ball, location: 2F
0-2: Strikes out swinging
Batting: LHB Justin LeFlore 0-0: Ball
1-0: SINGLE (Flyball, 6MD, EV 90.0 MPH)
Batting: SHB Chris King 0-0: Ball
Justin LeFlore is caught stealing 2nd base 2-4
Top of the 1st over - 0 runs, 1 hit, 0 errors, 0 left on base; Oakland 0 - Americus 0
BOTTOM OF THE 1ST
Americus Braves batting - Pitching for Oakland Oaks : RHP Eric Hanrahan
Pitching: RHP Eric Hanrahan
Batting: RHB Ryan Cole 0-0: Ball
1-0: Called Strike
1-1: Foul Ball, location: 2F
1-2: Ball
2-2: Ball
3-2: Base on Balls
Batting: SHB Chris Morrison 0-0: Ball
1-0: Called Strike
1-1: Ball
2-1: Ball
3-1: Called Strike
3-2: Base on Balls
Ryan Cole to second
Batting: RHB Scott Hansen 0-0: Ball
1-0: Ball
Ryan Cole steals 3rd base
2-0: Ball
3-0: Base on Balls
Chris Morrison to second
Batting: RHB Wilson Salgado 0-0: Called Strike
0-1: Called Strike
0-2: Ball
1-2: Ball
2-2: Ball
3-2: Foul Ball, location: 2F
3-2: SINGLE (Groundball, P, EV 80.0 MPH) (infield hit)
Ryan Cole scores
Chris Morrison to third
Scott Hansen to second
Batting: RHB Bill Horne 0-0: Called Strike
0-1: Swinging Strike
0-2: Ball
1-2: Fly out, F8 (Line Drive, 8RM, EV 90.6 MPH)
Runner from 3rd tags up, SCORES, throw by CF
Batting: RHB Jose Florez 0-0: Called Strike
0-1: Fly out, F7 (Line Drive, 78M, EV 85.6 MPH)
Batting: RHB Chris Foss 0-0: Fielders Choice at 2nd, 6-4 (Groundball, 56D, EV 85.0 MPH)
Bottom of the 1st over - 2 runs, 1 hit, 0 errors, 2 left on base; Oakland 0 - Americus 2
TOP OF THE 2ND
Oakland Oaks batting - Pitching for Americus Braves : LHP Byron Selhorst
Batting: SHB Chris King 0-0: Called Strike
0-1: Ground out 6-3 (Groundball, 56, EV 83.8 MPH)
Batting: RHB Moises Guzman 0-0: Ball
1-0: Foul Ball, location: 2F
1-1: Ball
2-1: Called Strike
2-2: Foul Ball, location: 2F
2-2: Strikes out swinging
Batting: RHB Mario Medina 0-0: Called Strike
0-1: Ball
1-1: DOUBLE (Line Drive, 7LS, EV 101.2 MPH)
Batting: RHB Edwin Nunez 0-0: Ball
1-0: Fly out, F8 (Line Drive, 8RD, EV 85.6 MPH)
Top of the 2nd over - 0 runs, 1 hit, 0 errors, 1 left on base; Oakland 0 - Americus 2
BOTTOM OF THE 2ND
Americus Braves batting - Pitching for Oakland Oaks : RHP Eric Hanrahan
Batting: RHB Travis Mendoza 0-0: Called Strike
0-1: Ball
1-1: Fly out, F9 (Flyball, 9LS, EV 71.2 MPH)
Pitching: LHP Artemio Millares
Batting: RHB Danny Harris 0-0: Ball
1-0: Foul Ball, location: 2F
1-1: Ball
2-1: Ball
3-1: Base on Balls
Batting: RHB Ryan Cole 0-0: Called Strike
0-1: Ball
1-1: Ball
2-1: Swinging Strike
2-2: Strikes out swinging
Batting: SHB Chris Morrison 0-0: Called Strike
0-1: Foul Ball, location: 2F
0-2: Strikes out swinging
Bottom of the 2nd over - 0 runs, 0 hits, 0 errors, 1 left on base; Oakland 0 - Americus 2
TOP OF THE 3RD
Oakland Oaks batting - Pitching for Americus Braves : LHP Byron Selhorst
Batting: RHB Jack Stadner 0-0: Ball
1-0: Swinging Strike
1-1: Swinging Strike
1-2: Foul Ball, location: 2F
1-2: Ball
2-2: Fly out, F8 (Flyball, 8LXD, EV 105.6 MPH)
Batting: RHB Matt Nehman 0-0: Ball
1-0: Ground out 6-3 (Groundball, 6, EV 83.8 MPH)
Batting: LHB Bill Helmer 0-0: Ball
1-0: Ball
2-0: Called Strike
2-1: Ball
3-1: Called Strike
3-2: Foul Ball, location: 2F
3-2: Strikes out swinging
Top of the 3rd over - 0 runs, 0 hits, 0 errors, 0 left on base; Oakland 0 - Americus 2
BOTTOM OF THE 3RD
Americus Braves batting - Pitching for Oakland Oaks : LHP Artemio Millares
Batting: RHB Scott Hansen 0-0: Ball
1-0: Foul Ball, location: 2F
1-1: Swinging Strike
1-2: Ball
2-2: Ground out 3-1 (Groundball, 34S, EV 88.8 MPH)
Batting: RHB Wilson Salgado 0-0: Ball
1-0: Foul Ball, location: 2F
1-1: Ball
2-1: Ball
3-1: Swinging Strike
3-2: Foul Ball, location: 2F
3-2: Base on Balls
Batting: RHB Bill Horne 0-0: Ball
1-0: 2-RUN HOME RUN (Flyball, 8RXD, EV 108.1 MPH), Distance : 451 ft
Batting: RHB Jose Florez 0-0: Ball
1-0: Ball
2-0: TRIPLE (Line Drive, 9LD, EV 105.6 MPH)
Batting: RHB Chris Foss 0-0: Ball
1-0: Ground out 4-3 (Groundball, 4, EV 79.4 MPH)
Jose Florez scores
Batting: RHB Travis Mendoza 0-0: Swinging Strike
0-1: Swinging Strike
0-2: Foul Ball, location: 2F
0-2: Fly out, F2 (Popup, 2LF, EV 93.8 MPH)
Bottom of the 3rd over - 3 runs, 2 hits, 0 errors, 0 left on base; Oakland 0 - Americus 5
TOP OF THE 4TH
Oakland Oaks batting - Pitching for Americus Braves : LHP Byron Selhorst
Batting: RHB Robby Britton 0-0: Ball
1-0: Foul Ball, location: 2F
1-1: Ball
2-1: Foul Ball, location: 2F
2-2: Strikes out swinging
Batting: LHB Justin LeFlore 0-0: Ball
1-0: Ball
2-0: Called Strike
2-1: Foul Ball, location: 2F
2-2: Fly out, F9 (Flyball, 9LM, EV 80.0 MPH)
Batting: SHB Chris King 0-0: Foul Ball, location: 2F
0-1: Called Strike
0-2: Fly out, F8 (Flyball, 8LXD, EV 98.8 MPH)
Top of the 4th over - 0 runs, 0 hits, 0 errors, 0 left on base; Oakland 0 - Americus 5
BOTTOM OF THE 4TH
Americus Braves batting - Pitching for Oakland Oaks : LHP Artemio Millares
Batting: RHB Danny Harris 0-0: Ball
1-0: SINGLE (Line Drive, 7S, EV 90.0 MPH)
Batting: RHB Ryan Cole Pickoff Play to 1st, Runner tries for 2nd, OUT after rundown.
0-0: Ball
1-0: Called Strike
1-1: Ball
2-1: Ball
3-1: Foul Ball, location: 2F
3-2: Strikes out swinging
Batting: SHB Chris Morrison 0-0: Called Strike
0-1: SINGLE (Groundball, 4MD, EV 108.1 MPH)
Batting: RHB Scott Hansen 0-0: Called Strike
0-1: Ball
1-1: SINGLE (Groundball, 4MD, EV 100.0 MPH)
Chris Morrison to second
Runner from 2nd tries for 3rd, SAFE, throw by CF made to third
Scott Hansen to second
Pitching: RHP Ricky Mendoza
Batting: RHB Wilson Salgado 0-0: Ball
1-0: Fly out, F9 (Line Drive, 9, EV 90.0 MPH)
Bottom of the 4th over - 0 runs, 3 hits, 0 errors, 2 left on base; Oakland 0 - Americus 5
TOP OF THE 5TH
Oakland Oaks batting - Pitching for Americus Braves : LHP Byron Selhorst
Batting: RHB Moises Guzman 0-0: Called Strike
0-1: Ball
1-1: Swinging Strike
1-2: Ball
2-2: Foul Ball, location: 2F
2-2: Foul Ball, location: 2F
2-2: Ball
3-2: Strikes out looking
Batting: RHB Mario Medina 0-0: Called Strike
0-1: Ball
1-1: Foul Ball, location: 2F
1-2: Ball
2-2: Ground out 3-1 (Groundball, 34S, EV 92.5 MPH)
Batting: RHB Edwin Nunez 0-0: Ball
1-0: Called Strike
1-1: Foul Ball, location: 2F
1-2: Ball
2-2: Ground out 4-3 (Groundball, 34, EV 93.1 MPH)
Top of the 5th over - 0 runs, 0 hits, 0 errors, 0 left on base; Oakland 0 - Americus 5
BOTTOM OF THE 5TH
Americus Braves batting - Pitching for Oakland Oaks : RHP Ricky Mendoza
Batting: RHB Bill Horne 0-0: Ball
1-0: Ball
2-0: Called Strike
2-1: Foul Ball, location: 2F
2-2: Strikes out swinging
Batting: RHB Jose Florez 0-0: Ball
1-0: Called Strike
1-1: Ball
2-1: Foul Ball, location: 2F
2-2: Strikes out swinging
Batting: RHB Chris Foss 0-0: Ball
1-0: Ground out 6-3 (Groundball, 6, EV 84.4 MPH)
Bottom of the 5th over - 0 runs, 0 hits, 0 errors, 0 left on base; Oakland 0 - Americus 5
TOP OF THE 6TH
Oakland Oaks batting - Pitching for Americus Braves : LHP Byron Selhorst
Batting: RHB Jack Stadner 0-0: Called Strike
0-1: Ball
1-1: Ball
2-1: Foul Ball, location: 2F
2-2: Foul Ball, location: 2F
2-2: Ground out 4-3 (Groundball, 34, EV 108.1 MPH)
Batting: RHB Matt Nehman 0-0: Ball
1-0: Fly out, F4 (Popup, 34D, EV 70.6 MPH)
Batting: LHB Bill Helmer 0-0: Called Strike
0-1: Swinging Strike
0-2: Ball
1-2: Strikes out swinging
Top of the 6th over - 0 runs, 0 hits, 0 errors, 0 left on base; Oakland 0 - Americus 5
BOTTOM OF THE 6TH
Americus Braves batting - Pitching for Oakland Oaks : RHP Ricky Mendoza
Batting: RHB Travis Mendoza 0-0: Ball
1-0: Ball
2-0: SOLO HOME RUN (Flyball, 7D, EV 96.2 MPH), Distance : 382 ft
Batting: RHB Danny Harris 0-0: Ball
1-0: Ball
2-0: Ball
3-0: Called Strike
3-1: Foul Ball, location: 2F
3-2: Base on Balls
Batting: RHB Ryan Cole 0-0: Ball
1-0: Called Strike
1-1: Called Strike
1-2: Ball
2-2: Foul Ball, location: 2F
2-2: Ball
3-2: Foul Ball, location: 2F
3-2: SINGLE (Groundball, 4MD, EV 108.1 MPH)
Danny Harris to second
Runner from 2nd tries for 3rd, SAFE after rundown.
Batting: SHB Chris Morrison 0-0: Swinging Strike
0-1: Swinging Strike
0-2: Ball
1-2: Ball
2-2: Ball
3-2: Strikes out swinging
Batting: RHB Scott Hansen 0-0: Ball
1-0: Called Strike
1-1: Swinging Strike
1-2: Strikes out looking
Pitching: RHP Matt Doherty
Batting: RHB Wilson Salgado 0-0: Called Strike
0-1: Called Strike
0-2: Ball
1-2: Strikes out swinging
Bottom of the 6th over - 1 run, 2 hits, 0 errors, 2 left on base; Oakland 0 - Americus 6
TOP OF THE 7TH
Oakland Oaks batting - Pitching for Americus Braves : LHP Byron Selhorst
Batting: RHB Robby Britton 0-0: Swinging Strike
0-1: Called Strike
0-2: Strikes out swinging
Batting: LHB Justin LeFlore 0-0: Ball
1-0: Ball
2-0: Fly out, F6 (Popup, 6, EV 55.0 MPH)
Batting: SHB Chris King 0-0: Swinging Strike
0-1: Ball
1-1: Swinging Strike
1-2: Fly out, F7 (Flyball, 78S, EV 83.1 MPH)
Top of the 7th over - 0 runs, 0 hits, 0 errors, 0 left on base; Oakland 0 - Americus 6
BOTTOM OF THE 7TH
Americus Braves batting - Pitching for Oakland Oaks : RHP Matt Doherty
Batting: RHB Bill Horne 0-0: Ball
1-0: Ball
2-0: Ball
3-0: Called Strike
3-1: Called Strike
3-2: Ground out 3-1 (Groundball, 34, EV 93.1 MPH)
Batting: RHB Jose Florez 0-0: Called Strike
0-1: Ball
1-1: Swinging Strike
1-2: Foul Ball, location: 2F
1-2: Foul Ball, location: 2F
1-2: Ground out 4-3 (Groundball, 4MS, EV 86.9 MPH)
Batting: RHB Chris Foss 0-0: Ball
1-0: Fly out, F8 (Flyball, 8RM, EV 81.2 MPH)
Bottom of the 7th over - 0 runs, 0 hits, 0 errors, 0 left on base; Oakland 0 - Americus 6
TOP OF THE 8TH
Oakland Oaks batting - Pitching for Americus Braves : LHP Byron Selhorst
Batting: RHB Moises Guzman 0-0: Ball
1-0: SINGLE (Groundball, 56D, EV 97.5 MPH)
Batting: RHB Mario Medina 0-0: Called Strike
0-1: Ball
1-1: Grounds into double play, 6-4-3 (Groundball, 6, EV 104.4 MPH)
Pinch Hitting: LHB Justin Conley 0-0: Ball
1-0: Ball
2-0: Fly out, F8 (Flyball, 8LD, EV 99.4 MPH)
Top of the 8th over - 0 runs, 1 hit, 0 errors, 0 left on base; Oakland 0 - Americus 6
BOTTOM OF THE 8TH
Americus Braves batting - Pitching for Oakland Oaks : RHP Matt Doherty
Now at 3B: Ernie McLean
Batting: RHB Travis Mendoza 0-0: Fly out, F8 (Flyball, 78M, EV 90.6 MPH)
Batting: RHB Danny Harris 0-0: Ball
1-0: Ball
2-0: Called Strike
2-1: Ground out 6-3 (Groundball, 6, EV 109.4 MPH)
Batting: RHB Ryan Cole 0-0: Ball
1-0: Foul Ball, location: 2F
1-1: Ball
2-1: Swinging Strike
2-2: Foul Ball, location: 2F
2-2: Strikes out swinging
Bottom of the 8th over - 0 runs, 0 hits, 0 errors, 0 left on base; Oakland 0 - Americus 6
TOP OF THE 9TH
Oakland Oaks batting - Pitching for Americus Braves : LHP Byron Selhorst
Pinch Hitting: RHB Pat Betancourt 0-0: Swinging Strike
0-1: Ball
1-1: Ball
2-1: Ball
3-1: Base on Balls
Pinch Hitting: RHB Kasey Sands 0-0: Called Strike
0-1: Fielders Choice at 2nd, 1-6 (Groundball, 34S, EV 66.9 MPH)
Batting: LHB Bill Helmer 0-0: Ball
1-0: Foul Ball, location: 2F
1-1: Called Strike
1-2: Strikes out swinging
Pinch Hitting: LHB Brian Canny 0-0: Ball
1-0: Ball
2-0: Ball
3-0: Base on Balls
Kasey Sands to second
Batting: LHB Justin LeFlore 0-0: Swinging Strike
0-1: SINGLE (Line Drive, 89S, EV 99.4 MPH)
Kasey Sands to third
Brian Canny to second
Pitching: RHP Ben Hughes
Batting: SHB Chris King 0-0: Called Strike
0-1: Swinging Strike
0-2: Strikes out swinging
Top of the 9th over - 0 runs, 1 hit, 0 errors, 3 left on base; Oakland 0 - Americus 6
Sunday, July 16th , 2023 - OOTP Baseball 24.6 Build 69